[Event "Titled Tuesday Blitz February 07 Early 2023"]
[White "Krzywda, Andrzej"]
[Black "Von Buelow, Georg"]
[WhiteFideId "1114565"]
[BlackFideId "4620658"]
[WhiteElo "2223"]
[BlackElo "2345"]
[Result "0-1"]
[Round "05"]
[TimeControl "180+2"]
[Date "2023.02.07"]
[WhiteClock "0:00:52"]
[BlackClock "0:00:33"]

1. d4 Nf6 2. c4 g6 3. Nf3 Bg7 4. Nc3 d5 5. Bf4 c5 6. dxc5 Qa5 7. cxd5 Nxd5 8. Be5 Nxc3 9. Bxc3 Bxc3+ 10. bxc3 Qxc3+ 11. Nd2 O-O 12. Rc1 Qa5 13. Qc2 Rd8 14. Qc3 Qxa2 15. h4 Qd5 16. h5 Qd4 17. hxg6 hxg6 18. Qc2 Nc6 19. e3 Qg4 20. Qc3 e5 21. f3 Qg3+ 22. Ke2 Bf5 23. e4 Be6 24. Nc4 Bxc4+ 25. Qxc4 Rd4 26. Qa2 Rad8 27. Ke3 Qf4+ 28. Kf2 Rd2+ 0-1


[Site "https://www.chess.com"]

[Event "Titled Tuesday Blitz February 07 Early 2023"]
[White "Cramling Bellon, Anna"]
[Black "Andreev, Konstantin"]
[WhiteFideId "32009232"]
[BlackFideId "24239305"]
[WhiteElo "2043"]
[BlackElo "2195"]
[Result "0-1"]
[Round "05"]
[TimeControl "180+2"]
[Date "2023.02.07"]
[WhiteClock "0:00:01"]
[BlackClock "0:01:21"]

1. d4 Nf6 2. c4 e6 3. Nc3 Bb4 4. Qc2 O-O 5. e4 d5 6. e5 Ne4 7. Bd3 c5 8. Ne2 Nc6 9. O-O cxd4 10. Nxe4 dxe4 11. Bxe4 h6 12. f4 Bc5 13. Kh1 Nb4 14. Qb1 d3 15. Nc3 d2 16. Bxd2 Qxd2 17. a3 Nc6 18. Nb5 Rd8 19. b4 Be7 20. c5 Nd4 21. Rd1 Qe3 22. Bh7+ Kf8 23. Rd3 Qxf4 24. Qd1 Nc6 25. Rxd8+ Nxd8 26. Qd3 a6 27. Rf1 Qxe5 28. Nd6 Bxd6 29. cxd6 Bd7 30. Qf3 Bc6 31. Qf2 Qxd6 32. Bg6 Qd7 33. Bc2 Rc8 34. Rd1 Bd5 35. Bd3 Qa4 36. Rf1 Qb3 37. Qe3 Rc3 38. Rd1 Qxd1+ 0-1


[Site "https://www.chess.com"]

[Event "Titled Tuesday Blitz February 07 Early 2023"]
[White "Buscar, Michael"]
[Black "Fabris, Alberto"]
[WhiteFideId "2603616"]
[BlackFideId "801348"]
[WhiteElo "2041"]
[BlackElo "2230"]
[Result "1/2-1/2"]
[Round "05"]
[TimeControl "180+2"]
[Date "2023.02.07"]
[WhiteClock "0:00:05"]
[BlackClock "0:00:03"]

1. d4 Nf6 2. c4 e6 3. Nc3 Bb4 4. e3 O-O 5. Bd3 b6 6. Ne2 Bb7 7. Qc2 d5 8. O-O Nbd7 9. f3 c5 10. cxd5 exd5 11. a3 Bxc3 12. bxc3 Re8 13. Ng3 Nf8 14. Qf2 Ne6 15. Nf5 g6 16. Nh6+ Kg7 17. Ng4 Nxg4 18. fxg4 Rf8 19. h4 Qe7 20. Bd2 f6 21. Rae1 Nc7 22. h5 Rae8 23. dxc5 bxc5 24. c4 Qe6 25. cxd5 Bxd5 26. Bc3 Qxg4 27. Bxf6+ Kg8 28. hxg6 hxg6 29. e4 Bxe4 30. Bxe4 Rxe4 31. Rxe4 Qxe4 32. Qxc5 Ne6 33. Qxa7 Rf7 34. Qb8+ Nf8 35. Qb6 Qa4 36. Bb2 Rxf1+ 37. Kxf1 Qc4+ 38. Kg1 Ne6 39. Qb8+ Kf7 40. Qe5 Ke8 41. Qh8+ Kd7 42. Qe5 g5 43. Qc3 Qa6 44. Qd2+ Kc6 45. Qc3+ Kd5 46. Qe5+ Kc4 47. Qc3+ Kb5 48. Qd3+ Kb6 49. Qxa6+ Kxa6 50. Kf2 Kb5 51. Kg3 Nf4 52. Kg4 Nxg2 53. Kxg5 Ka4 54. Kf5 Ne3+ 55. Ke4 Nc4 56. Bc1 Nxa3 1/2-1/2


[Site "https://www.chess.com"]

[Event "Titled Tuesday Blitz February 07 Early 2023"]
[White "Osiecki, Stanislaw"]
[Black "Carrasco Miranda, Andres"]
[WhiteFideId "1102990"]
[BlackFideId "3405990"]
[WhiteElo "2055"]
[BlackElo "2240"]
[Result "0-1"]
[Round "05"]
[TimeControl "180+2"]
[Date "2023.02.07"]
[WhiteClock "0:00:03"]
[BlackClock "0:00:08"]

1. e4 c5 2. c3 d5 3. e5 Nc6 4. d4 Bf5 5. Bd3 Bg6 6. e6 fxe6 7. Bxg6+ hxg6 8. Qg4 Kf7 9. Nf3 Rh5 10. Ng5+ Rxg5 11. Bxg5 Nf6 12. Bxf6 exf6 13. dxc5 Bxc5 14. O-O Qd6 15. Nd2 Rh8 16. h3 Ne5 17. Qe2 g5 18. Nf3 Ng6 19. Nh2 Nf4 20. Qf3 e5 21. b4 Bb6 22. Rad1 Qc6 23. Kh1 e4 24. Qg4 Rh4 25. Qg3 Bc7 26. b5 Qxb5 27. Rb1 Qc6 28. Qe3 Bb6 29. Qd2 Nd3 30. Kg1 Qd6 31. Ng4 Qf4 32. Ne3 g4 33. g3 Bxe3 34. Qxe3 Qxe3 35. fxe3 Rxh3 36. Kg2 b6 37. Rh1 Rxh1 38. Rxh1 Ne5 39. a4 Nc4 40. Kf2 Nb2 41. Ra1 a5 42. Rb1 Nxa4 43. Rb3 Ke6 44. Ke2 Kd6 45. Kd2 Kc5 46. Rb1 b5 47. Rh1 b4 48. cxb4+ axb4 49. Rh7 Kc4 50. Rxg7 Kb3 51. Rf7 Ka2 52. Rxf6 b3 0-1


[Site "https://www.chess.com"]

[Event "Titled Tuesday Blitz February 07 Early 2023"]
[White "Fernandez Siles, Luis"]
[Black "Baruch, Liam"]
[WhiteFideId "2209420"]
[BlackFideId "14322064"]
[WhiteElo "2218"]
[BlackElo "1718"]
[Result "1-0"]
[Round "05"]
[TimeControl "180+2"]
[Date "2023.02.07"]
[WhiteClock "0:00:43"]
[BlackClock "0:00:33"]

1. d4 d5 2. c4 e6 3. Nc3 Nf6 4. cxd5 exd5 5. Bg5 Be7 6. e3 c6 7. Qc2 O-O 8. Bd3 Nbd7 9. Nge2 Re8 10. O-O Nf8 11. Rad1 Be6 12. f3 Ng6 13. e4 dxe4 14. fxe4 Ng4 15. Bxe7 Qxe7 16. Qd2 c5 17. d5 Bd7 18. h3 N4e5 19. Ng3 Nxd3 20. Qxd3 Qg5 21. Nf5 Ne5 22. Qe2 g6 23. h4 Qg4 24. Nh6+ Kg7 25. Nxg4 Bxg4 26. Qf2 Bxd1 27. Qf6+ Kg8 28. Rxd1 a5 29. h5 Ra6 30. d6 Nd7 31. Qf4 Re5 32. Nd5 Kf8 33. Nf6 1-0


[Site "https://www.chess.com"]

[Event "Titled Tuesday Blitz February 07 Early 2023"]
[White "Castillo Pena, Patricia Evarista"]
[Black "Mrudul Dehankar"]
[WhiteFideId "6412106"]
[BlackFideId "25096990"]
[WhiteElo "1783"]
[BlackElo "2030"]
[Result "0-1"]
[Round "05"]
[TimeControl "180+2"]
[Date "2023.02.07"]
[WhiteClock "0:00:01"]
[BlackClock "0:00:05"]

1. d4 Nf6 2. Nf3 e6 3. e3 b6 4. Bd3 Bb7 5. O-O c5 6. b3 Be7 7. Bb2 O-O 8. Nbd2 cxd4 9. exd4 Nd5 10. c4 Nf4 11. Bc2 f5 12. Re1 Bf6 13. Rb1 Qe8 14. d5 Qg6 15. g3 exd5 16. Bxf6 Rxf6 17. Ne5 Nh3+ 18. Kg2 Qh6 19. Ndf3 dxc4 20. Qd4 d5 21. bxc4 Na6 22. cxd5 Nc5 23. Qc4 Rd8 24. d6+ Kh8 25. d7 Ng5 26. Re3 Nxf3 0-1


[Site "https://www.chess.com"]

[Event "Titled Tuesday Blitz February 07 Early 2023"]
[White "Mohammadian, Mohammad"]
[Black "Florescu, Codrut-Constantin"]
[WhiteFideId "12566055"]
[BlackFideId "1202200"]
[WhiteElo "1398"]
[BlackElo "2259"]
[Result "0-1"]
[Round "05"]
[TimeControl "180+2"]
[Date "2023.02.07"]
[WhiteClock "0:00:02"]
[BlackClock "0:01:24"]

1. e4 c5 2. Nf3 e6 3. d4 cxd4 4. Nxd4 Nf6 5. Nc3 d6 6. Be2 a6 7. Be3 Be7 8. Qd2 Qc7 9. O-O b5 10. a3 Bb7 11. f3 Nbd7 12. Rad1 O-O 13. Bd3 Rac8 14. Qf2 Ne5 15. Kh1 Nc4 16. Bxc4 Qxc4 17. Rd2 b4 18. axb4 Qxb4 19. Nd1 d5 20. c3 Qc4 21. b3 Qc7 22. exd5 Nxd5 23. Rc2 Bd6 24. g3 g6 25. Qe2 e5 26. Bh6 Rfe8 27. c4 exd4 28. Qd3 Nb4 29. Qxd4 Be5 30. Qh4 Nxc2 31. Nf2 Bxf3+ 32. Kg1 Qc5 33. Qg5 Bd4 34. Qxc5 Bxc5 35. h4 Re2 36. Bf4 Rce8 0-1


[Site "https://www.chess.com"]

[Event "Titled Tuesday Blitz February 07 Early 2023"]
[White "Horak, Martin"]
[Black "Koridze, Lile"]
[WhiteFideId "367095"]
[BlackFideId "13612514"]
[WhiteElo "2266"]
[BlackElo "2191"]
[Result "0-1"]
[Round "05"]
[TimeControl "180+2"]
[Date "2023.02.07"]
[WhiteClock "0:00:04"]
[BlackClock "0:00:08"]

1. e4 c5 2. Nf3 d6 3. d4 cxd4 4. Nxd4 Nf6 5. Nc3 a6 6. Be2 e5 7. Nb3 Be7 8. Be3 O-O 9. g4 Be6 10. g5 Nfd7 11. h4 b5 12. Nd5 Nc6 13. Qd2 Nc5 14. Nxc5 dxc5 15. c3 b4 16. Rd1 bxc3 17. bxc3 Qa5 18. h5 Rfd8 19. Kf1 Bf8 20. Kg2 Qa4 21. f3 Rab8 22. g6 f5 23. Bd3 c4 24. Be2 Ne7 25. Nxe7+ Bxe7 26. Qc1 Qxa2 27. Kf2 fxe4 28. fxe4 Rf8+ 29. Ke1 Rb2 30. Rd2 Rb1 31. Rb2 Qxb2 0-1


[Site "https://www.chess.com"]

[Event "Titled Tuesday Blitz February 07 Early 2023"]
[White "Begunov, Konstantin"]
[Black "Zaichenko, Daria"]
[WhiteFideId "4118510"]
[BlackFideId "4197453"]
[WhiteElo "2325"]
[BlackElo "2104"]
[Result "1-0"]
[Round "05"]
[TimeControl "180+2"]
[Date "2023.02.07"]
[WhiteClock "0:00:11"]
[BlackClock "0:00:03"]

1. d4 d5 2. c4 e6 3. Nc3 Be7 4. cxd5 exd5 5. Nf3 Nf6 6. Bg5 O-O 7. Qc2 c6 8. e3 Ne4 9. Bf4 f5 10. Bd3 Nd7 11. O-O-O Ndf6 12. Ne5 Nxc3 13. bxc3 Ne4 14. f3 Ba3+ 15. Kb1 Qb6+ 16. Ka1 Nd6 17. g4 Be6 18. Rb1 Qa5 19. gxf5 Nxf5 20. e4 dxe4 21. fxe4 Nxd4 22. cxd4 Rxf4 23. Rxb7 Bb4 24. Nxc6 Bc3+ 25. Kb1 Qa3 26. d5 Bd7 27. Rb3 Qd6 28. Qxc3 Raf8 29. Rg1 Qh6 30. Ne5 Bh3 31. Rb7 g6 32. Nd7 Re8 33. Nf6+ Rxf6 34. Qxf6 Rf8 35. Qe7 Rf7 36. Qe8+ Rf8 37. Qe5 Qe3 38. Qg7# 1-0


[Site "https://www.chess.com"]

[Event "Titled Tuesday Blitz February 07 Early 2023"]
[White "Jiganchine, Roman"]
[Black "Burke, John F"]
[WhiteFideId "2603667"]
[BlackFideId "2052970"]
[WhiteElo "2205"]
[BlackElo "2013"]
[Result "1-0"]
[Round "05"]
[TimeControl "180+2"]
[Date "2023.02.07"]
[WhiteClock "0:00:05"]
[BlackClock "0:00:35"]

1. e4 c5 2. Nf3 Nc6 3. Bb5 e6 4. O-O Nge7 5. Re1 a6 6. Bf1 d6 7. c3 Ng6 8. d4 cxd4 9. cxd4 Be7 10. Nc3 O-O 11. g3 b5 12. a4 b4 13. Nb1 Na5 14. h4 Re8 15. h5 Nf8 16. Be3 h6 17. Nbd2 Bb7 18. Rc1 Nh7 19. Bd3 Ng5 20. Nxg5 Bxg5 21. f4 Bf6 22. Qg4 Nc6 23. Nf3 Rc8 24. Bf2 Kf8 25. Bb1 e5 26. fxe5 dxe5 27. dxe5 Nxe5 28. Nxe5 Bxe5 29. Rcd1 Qg5 30. Qxg5 hxg5 31. Rd7 Bc6 32. Ra7 Bxb2 33. Ba2 Rxe4 34. Rxf7+ Ke8 35. Rf1 Re2 36. Bc4 Rc2 37. Re1+ 1-0


[Site "https://www.chess.com"]

[Event "Titled Tuesday Blitz February 07 Early 2023"]
[White "Santos Flores, Alberto"]
[Black "Kornyukov, Alexey"]
[WhiteFideId "3601234"]
[BlackFideId "4150457"]
[WhiteElo "2164"]
[BlackElo "2452"]
[Result "1-0"]
[Round "05"]
[TimeControl "180+2"]
[Date "2023.02.07"]
[WhiteClock "0:01:42"]
[BlackClock "0:00:12"]

1. e4 c5 2. Nf3 Nc6 3. Nc3 e6 4. d4 cxd4 5. Nxd4 Nxd4 6. Qxd4 Be7 7. Qxg7 Bf6 8. Qg3 Ne7 9. e5 Nf5 10. Qf4 Bg7 11. Bd3 Bh6 12. Qb4 Bxc1 13. Rxc1 Qg5 14. O-O Rg8 15. g3 Nh4 16. f4 Qh5 17. Be2 Qh6 18. Ne4 Kd8 19. Rcd1 Nf5 20. Bb5 b6 21. Rd3 a6 22. Bxd7 Bxd7 23. Rfd1 Ra7 24. Qxb6+ Ke8 25. Qxa7 Nxg3 26. Qxd7+ Kf8 27. Qd8+ Kg7 28. Qf6+ Qxf6 29. exf6+ 1-0


[Site "https://www.chess.com"]

[Event "Titled Tuesday Blitz February 07 Early 2023"]
[White "Kaplan, Avi Harrison"]
[Black "Levine, David"]
[WhiteFideId "30934559"]
[BlackFideId "2011611"]
[WhiteElo "2146"]
[BlackElo "2040"]
[Result "1-0"]
[Round "05"]
[TimeControl "180+2"]
[Date "2023.02.07"]
[WhiteClock "0:00:24"]
[BlackClock "0:00:01"]

1. f4 Nf6 2. Nf3 d5 3. e3 c5 4. b3 g6 5. Bb2 Bg7 6. Be2 O-O 7. O-O Nc6 8. d3 Bg4 9. Nbd2 e6 10. Ne5 Nxe5 11. fxe5 Bxe2 12. Qxe2 Nd7 13. Nf3 f5 14. exf6 Bxf6 15. Bxf6 Qxf6 16. e4 Rae8 17. Rae1 Qd8 18. Qf2 b6 19. Qg3 d4 20. Ng5 Qe7 21. Qh4 Nf6 22. Rf2 e5 23. Ref1 Nd7 24. Qg4 Rxf2 25. Rxf2 Nf6 26. Qh4 h5 27. Nh3 Kg7 28. Qg3 Ng4 29. Rf1 Rf8 30. Nf2 Nxf2 31. Rxf2 Rxf2 32. Qxf2 Qf6 33. Qe2 Qf4 34. h3 Kh6 35. a4 h4 36. Qe1 Kg5 37. Kh1 Kh5 38. a5 Kg5 39. Qe2 1-0


[Site "https://www.chess.com"]

[Event "Titled Tuesday Blitz February 07 Early 2023"]
[White "Bashirli, Saadat"]
[Black "Womacka, Mathias"]
[WhiteFideId "13429990"]
[BlackFideId "4611390"]
[WhiteElo "1571"]
[BlackElo "2396"]
[Result "0-1"]
[Round "05"]
[TimeControl "180+2"]
[Date "2023.02.07"]
[WhiteClock "0:00:49"]
[BlackClock "0:00:07"]

1. e4 c5 2. Nf3 d6 3. Bb5+ Nd7 4. O-O a6 5. Bxd7+ Bxd7 6. Re1 Nf6 7. c3 Bc6 8. e5 dxe5 9. Nxe5 Qc7 10. Qb3 e6 11. Nxc6 Qxc6 12. d3 Be7 13. Bg5 O-O 14. Nd2 Rfd8 15. Qc2 Qd5 16. Bxf6 Bxf6 17. Re3 Bg5 18. Rg3 Bf4 19. Rf3 Bxd2 20. Qxd2 Rd7 21. Rd1 Rad8 22. h3 Qxa2 23. Rg3 Qd5 24. Rg5 Qxd3 25. Qxd3 Rxd3 26. Rxd3 Rxd3 27. Rxc5 g6 28. Rc7 b5 29. Rc6 a5 30. Ra6 a4 31. Rb6 Rd1+ 32. Kh2 Rd2 33. Rxb5 Rxf2 34. Kg3 Rc2 35. Rb4 a3 36. bxa3 Rxc3+ 37. Kf4 Rxa3 38. Ke5 Kg7 39. Rb7 h5 40. Kf4 Kf6 41. Rb6 g5+ 42. Ke4 Ra2 43. g4 hxg4 44. hxg4 Rf2 45. Ke3 Rf4 46. Rb2 Rxg4 47. Rf2+ Rf4 48. Rg2 Kf5 49. Rd2 f6 50. Ra2 Rb4 51. Ra5+ Kg6 52. Kf3 Rb3+ 53. Ke4 g4 54. Kf4 g3 55. Ra2 Kh5 56. Rg2 Kh4 57. Rg1 Kh3 58. Rh1+ Kg2 59. Rc1 Kh2 60. Rc2+ g2 61. Ra2 Kh1 62. Ke4 g1=Q 63. Rf2 Qg4+ 64. Rf4 Rb4+ 65. Kd3 Qxf4 66. Kc3 Qd4+ 0-1


[Site "https://www.chess.com"]

[Event "Titled Tuesday Blitz February 07 Early 2023"]
[White "Sovetbekova, Nurai"]
[Black "Ronka, Erik"]
[WhiteFideId "13801910"]
[BlackFideId "505080"]
[WhiteElo "1764"]
[BlackElo "2276"]
[Result "1-0"]
[Round "05"]
[TimeControl "180+2"]
[Date "2023.02.07"]
[WhiteClock "0:00:06"]
[BlackClock "0:00:06"]

1. d4 d5 2. c4 c6 3. Nf3 Nf6 4. g3 dxc4 5. Bg2 g6 6. O-O Bg7 7. a4 O-O 8. Na3 c5 9. Nxc4 cxd4 10. Nxd4 Nbd7 11. b3 Ne8 12. Bb2 Nc5 13. e3 Nc7 14. Qc2 N7e6 15. Rfd1 Nxd4 16. Bxd4 Bxd4 17. Rxd4 Qe8 18. Rad1 Be6 19. Qc3 Rc8 20. Qb4 b6 21. h4 f6 22. Qc3 Qf7 23. Bd5 Bxd5 24. Rxd5 Ne6 25. Rd7 a5 26. Qb2 Rb8 27. Qa3 Nc5 28. R7d4 Rfc8 29. Qc1 Qe6 30. Qc3 Kf7 31. Kg2 Nb7 32. Qd2 Nc5 33. Qc3 Qc6+ 34. Kg1 b5 35. axb5 Qxb5 36. Qxa5 Qxb3 37. Qa7 Ne6 38. Nd6+ Kg7 39. Qxe7+ Kh6 40. Nxc8 Rxc8 41. Rd7 Nf8 42. Qg7+ Kh5 43. R7d5+ f5 44. Rxf5+ gxf5 45. Qg5# 1-0


[Site "https://www.chess.com"]

[Event "Titled Tuesday Blitz February 07 Early 2023"]
[White "Stolz, Mike"]
[Black "Goncalves, Davi Sulzbacher"]
[WhiteFideId "4617134"]
[BlackFideId "2154510"]
[WhiteElo "2330"]
[BlackElo "2282"]
[Result "0-1"]
[Round "05"]
[TimeControl "180+2"]
[Date "2023.02.07"]
[WhiteClock "0:00:16"]
[BlackClock "0:00:17"]

1. e4 c5 2. Nf3 d6 3. Bb5+ Nd7 4. d4 a6 5. Be2 Ngf6 6. Nc3 cxd4 7. Qxd4 e5 8. Qd3 Nc5 9. Qe3 Be7 10. O-O O-O 11. h3 b5 12. Rd1 Bb7 13. Nxe5 b4 14. Nb1 Ncxe4 15. Bf3 Qc7 16. Nd3 d5 17. Qe2 Rac8 18. Ne1 Bc5 19. Be3 Rfe8 20. Bxc5 Nc3 21. Nxc3 Rxe2 22. Nxe2 Qxc5 23. Nd4 a5 24. h4 h5 25. g3 g6 26. Ng2 Nd7 27. Nf4 Ne5 28. Bg2 Ng4 29. Rac1 Re8 30. Bf3 Ne5 31. Bg2 Nc4 32. Nb3 Qa7 33. Bxd5 Nxb2 34. Rd2 Bxd5 35. Nxd5 Kg7 36. c4 bxc3 37. Nxc3 Nc4 38. Nb5 Qb8 39. Rxc4 Qxb5 40. Rc5 Qb4 41. Rxa5 Re1+ 42. Kh2 Rb1 43. Rad5 Qe4 44. R5d4 Qh1# 0-1


[Site "https://www.chess.com"]

[Event "Titled Tuesday Blitz February 07 Early 2023"]
[White "Qashashvili, Alexandre"]
[Black "Fan_Of_Chucky"]
[WhiteFideId "13600842"]
[WhiteElo "2505"]
[BlackElo "2269"]
[Result "0-1"]
[Round "05"]
[TimeControl "180+2"]
[Date "2023.02.07"]
[WhiteClock "0:00:23"]
[BlackClock "0:01:23"]

1. e4 c5 2. Nc3 Nc6 3. Nf3 a6 4. d4 cxd4 5. Nxd4 e5 6. Nxc6 dxc6 7. Qxd8+ Kxd8 8. Bg5+ Nf6 9. O-O-O+ Kc7 10. Bxf6 gxf6 11. Bc4 Rg8 12. g3 Bc5 13. Rhf1 Bh3 14. Bxf7 Rgf8 15. Bh5 Bxf1 16. Rxf1 f5 17. exf5 Rxf5 18. f4 Rxh5 19. fxe5 Rf8 20. Re1 Rxh2 21. Ne4 Bf2 22. Rd1 Be3+ 23. Kb1 Re8 24. Nf6 Rxe5 25. Ng4 Rd5 26. Nxe3 Rxd1+ 27. Nxd1 Rh1 28. Kc1 Rg1 29. Kd2 Rxg3 30. Ne3 Rxe3 31. Kxe3 Kd6 32. Ke4 Ke6 33. Kf4 Kd5 34. Kg5 Kd4 35. Kf4 h5 36. a3 h4 37. Kg4 Ke3 38. c4 Kd3 39. c5 Kc4 40. Kxh4 Kxc5 41. Kg3 Kc4 42. Kf4 Kb3 43. Ke5 Kxb2 44. Kd6 Kxa3 45. Kc7 b5 46. Kxc6 b4 47. Kb6 b3 48. Kxa6 b2 49. Kb5 b1=Q+ 50. Kc4 Qb3+ 51. Kd4 Qc2 52. Ke5 Qd3 53. Kf4 Qe2 54. Kf5 Qe3 55. Kf6 Qe4 56. Kf7 Qc6 57. Kg7 Qe6 58. Kf8 Qd7 0-1


[Site "https://www.chess.com"]

[Event "Titled Tuesday Blitz February 07 Early 2023"]
[White "Hoffmann, Asa"]
[Black "Hartikainen, Jarmo"]
[WhiteFideId "2001470"]
[BlackFideId "503134"]
[WhiteElo "2185"]
[BlackElo "2108"]
[Result "1/2-1/2"]
[Round "05"]
[TimeControl "180+2"]
[Date "2023.02.07"]
[WhiteClock "0:00:12"]
[BlackClock "0:00:06"]

1. d4 Nf6 2. Bg5 Ne4 3. Bf4 d5 4. f3 Nf6 5. e4 dxe4 6. Nc3 exf3 7. Nxf3 Bg4 8. h3 Bxf3 9. Qxf3 c6 10. O-O-O e6 11. g4 Bb4 12. Bg2 Bxc3 13. Qxc3 Nd5 14. Qg3 Nxf4 15. Qxf4 Nd7 16. g5 Qa5 17. Kb1 Qf5 18. Qc7 Rd8 19. Qxb7 O-O 20. Qxc6 Nb6 21. Qe4 Qb5 22. Bf1 Qxg5 23. Bd3 g6 24. c3 Rb8 25. Ka1 Na4 26. Rh2 Rb6 27. h4 Qe7 28. h5 Rfb8 29. hxg6 fxg6 30. Rdd2 Qg5 31. Rhg2 Nxc3 32. bxc3 Qh5 33. Rg1 Qa5 34. Rxg6+ Kh8 35. Rg8+ Kxg8 36. Qxh7+ Kf8 37. Rf2+ Ke8 38. Qh8+ Kd7 39. Qg7+ Kc6 40. Be4+ Qd5 41. Bxd5+ Kxd5 42. Qd7+ Kc4 43. Rf1 Kd3 44. Qc7 Kc2 45. a4 Rb1+ 46. Rxb1 Rxb1+ 47. Ka2 Rb2+ 48. Ka3 Rb3+ 49. Ka2 Rb2+ 50. Ka1 Rb1+ 51. Ka2 Rb2+ 1/2-1/2


[Site "https://www.chess.com"]

[Event "Titled Tuesday Blitz February 07 Early 2023"]
[White "Kuchava, Ana"]
[Black "Alfaro, William"]
[WhiteFideId "13605348"]
[BlackFideId "6100457"]
[WhiteElo "2101"]
[BlackElo "2134"]
[Result "1/2-1/2"]
[Round "05"]
[TimeControl "180+2"]
[Date "2023.02.07"]
[WhiteClock "0:00:36"]
[BlackClock "0:01:31"]

1. d4 Nf6 2. Nf3 g6 3. c4 Bg7 4. Nc3 d6 5. e4 O-O 6. Be2 e5 7. O-O Nc6 8. Be3 Ng4 9. Bg5 f6 10. Bc1 Nh6 11. h3 g5 12. d5 Ne7 13. Ne1 Ng6 14. Bg4 f5 15. exf5 Nxf5 16. Ne4 h6 17. Qd3 b6 18. g3 Nd4 19. Nxg5 Bxg4 20. hxg4 hxg5 21. Qxg6 Rf6 22. Qxg5 Qf8 23. Be3 Ne2+ 24. Kg2 Qf7 25. Qh5 Qxh5 26. gxh5 Raf8 27. Nd3 Bh6 28. Bxh6 Rxh6 29. Rh1 Kh7 30. Rh4 Rg8 31. Re1 Nd4 32. Nxe5 dxe5 33. Rxe5 Nc2 34. a3 Rg7 35. Re2 Na1 36. b4 a5 37. Ra2 Nb3 38. Rb2 a4 39. g4 Rf6 40. Re2 Kh6 41. Re6 Rxe6 42. dxe6 Re7 43. f4 Rxe6 44. g5+ Kh7 45. g6+ Kh6 46. f5 Re2+ 47. Kf3 Re1 48. Rh2 Rf1+ 49. Rf2 Nd4+ 50. Ke3 Rxf2 51. Kxf2 Nxf5 52. c5 Ng7 53. cxb6 cxb6 54. Ke3 Nxh5 55. Kd4 Kxg6 56. Kc4 Nf6 57. Kb5 Nd7 58. Kxa4 Kf6 59. Kb5 Ke6 60. a4 Kd6 61. a5 Kc7 62. axb6+ Nxb6 63. Kc5 Kb7 64. b5 Na4+ 65. Kb4 Nb2 66. Kc3 Nd1+ 67. Kd2 Nf2 68. Ke2 Ng4 69. Kf3 Ne5+ 70. Kf4 Nd7 71. Kf5 Kb6 72. Kg4 Nc5 73. Kh4 Ne6 74. Kh3 Nd4 75. Kg3 Ne6 76. Kg2 Nc5 77. Kf2 Nd7 78. Kg3 Nb8 79. Kg4 Nd7 80. Kg5 Nf8 81. Kf6 Nh7+ 82. Ke7 Ng5 83. Kd7 Nf3 84. Kd6 Nd4 85. Kd5 Nb3 86. Kc4 Na5+ 87. Kd4 Nb7 88. Kc3 Nd8 89. Kb4 Ne6 90. Kc4 Kb7 91. Kd5 Nc7+ 92. Kd6 Kb6 93. Kd7 Nd5 94. Kd6 Nc3 95. Ke5 Na4 96. Kd4 Nc5 97. Kc4 Nd7 98. Kd5 Nb8 99. Kd6 Kb7 100. Ke7 Kc7 101. Ke6 Nd7 102. Kd5 Kb6 103. Kd6 Nf8 104. Kd5 Ng6 105. Kc4 Nh4 106. Kb4 Nf5 107. Kc3 Ne3 108. Kb3 Nf5 109. Kb4 Nd6 110. Kc3 Nxb5+ 1/2-1/2


[Site "https://www.chess.com"]

[Event "Titled Tuesday Blitz February 07 Early 2023"]
[White "Zanette, Edgard Vinicius"]
[Black "Winkels, Marcel"]
[WhiteFideId "2109263"]
[BlackFideId "1003887"]
[WhiteElo "2085"]
[BlackElo "1960"]
[Result "1-0"]
[Round "05"]
[TimeControl "180+2"]
[Date "2023.02.07"]
[WhiteClock "0:00:46"]
[BlackClock "0:00:04"]

1. e4 c5 2. Nc3 e6 3. f4 Nc6 4. Nf3 g6 5. Bb5 Nd4 6. Nxd4 cxd4 7. Ne2 Bg7 8. Bd3 Ne7 9. O-O O-O 10. a3 b6 11. b4 Bb7 12. Bb2 f5 13. e5 d6 14. Bxd4 dxe5 15. Bxe5 Bxe5 16. fxe5 Qd5 17. Nf4 Qxe5 18. Qe1 Nc6 19. Nxe6 Rfe8 20. Qxe5 Nxe5 21. Nc7 Nxd3 22. Nxe8 Rxe8 23. cxd3 Re2 24. Rf2 Re6 25. Rc1 Rd6 26. Rc7 Ba6 27. Rxa7 Bxd3 28. h3 h5 29. Rf3 Be4 30. Rc3 Bc6 31. b5 Be8 32. Rc8 Kf8 33. Raa8 Re6 34. a4 Kf7 35. Kf2 g5 36. d4 Re4 37. d5 Bd7 38. Rc7 Ke7 39. Raa7 Kd6 40. Rxd7+ Kc5 41. d6 Rc4 42. Rac7+ Kd5 43. Rxc4 Kxc4 44. Rf7 Kd5 45. d7 Ke6 46. d8=Q Kxf7 47. Qxg5 Ke6 48. Qxh5 Ke5 49. Qg6 f4 50. Qxb6 Ke4 51. Qe6+ Kd4 52. Qd6+ Ke4 53. h4 Kf5 54. h5 Kg5 55. h6 Kh5 56. h7 Kg5 57. h8=Q Kg4 58. Qg7+ Kf5 59. Qf7+ Kg5 60. Qdg6+ 1-0


[Site "https://www.chess.com"]

[Event "Titled Tuesday Blitz February 07 Early 2023"]
[White "Kiseleva, Arina"]
[Black "Bolanos, Fernando"]
[WhiteFideId "4164989"]
[BlackFideId "3304094"]
[WhiteElo "1962"]
[BlackElo "2248"]
[Result "1-0"]
[Round "05"]
[TimeControl "180+2"]
[Date "2023.02.07"]
[WhiteClock "0:01:04"]
[BlackClock "0:00:01"]

1. d4 Nf6 2. Nf3 d5 3. e3 c6 4. Bd3 Bg4 5. Nbd2 e6 6. h3 Bh5 7. O-O Be7 8. c4 O-O 9. b3 Nbd7 10. Bb2 a5 11. Qc2 Bg6 12. Bxg6 hxg6 13. e4 dxe4 14. Nxe4 a4 15. Rad1 axb3 16. axb3 Ra2 17. Ra1 Rxa1 18. Rxa1 Qb6 19. Neg5 Nh7 20. Nxh7 Kxh7 21. Ba3 Bxa3 22. Rxa3 Nf6 23. Ng5+ Kg8 24. Qd2 Rd8 25. Nf3 Ne4 26. Qf4 Qb4 27. Ra1 Nf6 28. Qc7 Rd7 29. Ra8+ Kh7 30. Ng5+ Kh6 31. Rh8+ Kxg5 32. Qe5# 1-0


[Site "https://www.chess.com"]

[Event "Titled Tuesday Blitz February 07 Early 2023"]
[White "Necula, Iulian"]
[Black "Osmonbekov, Talaibek"]
[WhiteFideId "1232380"]
[BlackFideId "2017253"]
[WhiteElo "1851"]
[BlackElo "2137"]
[Result "0-1"]
[Round "05"]
[TimeControl "180+2"]
[Date "2023.02.07"]
[WhiteClock "0:00:10"]
[BlackClock "0:01:28"]

1. d4 e6 2. Nc3 f5 3. Bf4 Bb4 4. Qd3 Nf6 5. a3 Bxc3+ 6. Qxc3 Nd5 7. Qd2 Nxf4 8. Qxf4 O-O 9. h4 d6 10. Nf3 Nc6 11. O-O-O Qf6 12. e3 e5 13. dxe5 dxe5 14. Bc4+ Be6 15. Bxe6+ Qxe6 16. Qg3 Qa2 17. Rd7 Rf7 18. Rxf7 Kxf7 19. Ng5+ Kg8 20. Kd2 Rd8+ 21. Ke2 Qc4+ 22. Kf3 h6 23. Rh3 Rd2 24. Qh2 Qe2+ 25. Kg3 Qxf2# 0-1


[Site "https://www.chess.com"]

[Event "Titled Tuesday Blitz February 07 Early 2023"]
[White "Timofeev, Artyom"]
[Black "So, Wesley"]
[WhiteFideId "4140419"]
[BlackFideId "5202213"]
[WhiteElo "2567"]
[BlackElo "2760"]
[Result "1/2-1/2"]
[Round "06"]
[TimeControl "180+2"]
[Date "2023.02.07"]
[WhiteClock "0:01:36"]
[BlackClock "0:02:02"]

1. e4 c5 2. Nf3 d6 3. d4 cxd4 4. Nxd4 Nf6 5. Nc3 a6 6. Be3 Ng4 7. Bc1 Nc6 8. Be2 Nf6 9. Be3 e6 10. Qd2 Be7 11. f4 O-O 12. O-O-O e5 13. Nxc6 bxc6 14. fxe5 dxe5 15. Qxd8 Rxd8 16. Rxd8+ Bxd8 17. Rd1 Be6 18. Rd6 Bd7 19. h3 Bc7 20. Rd1 Be6 21. Bf3 h6 22. Na4 Nd7 23. b3 Kf8 1/2-1/2


[Site "https://www.chess.com"]

[Event "Titled Tuesday Blitz February 07 Early 2023"]
[White "Bachmann, Axel"]
[Black "Zierk, Steven"]
[WhiteFideId "3700488"]
[BlackFideId "2034255"]
[WhiteElo "2604"]
[BlackElo "2488"]
[Result "0-1"]
[Round "06"]
[TimeControl "180+2"]
[Date "2023.02.07"]
[WhiteClock "0:00:02"]
[BlackClock "0:00:19"]

1. e4 e6 2. Qe2 c5 3. Nf3 Nc6 4. g3 g6 5. Bg2 Bg7 6. c3 Nge7 7. d3 O-O 8. O-O e5 9. a3 d6 10. b4 Be6 11. Nbd2 h6 12. b5 Na5 13. c4 f5 14. Bb2 f4 15. Bc3 g5 16. h3 Ng6 17. Nh2 b6 18. Bxa5 bxa5 19. Qh5 Kh7 20. Nb1 Bf7 21. Qe2 Ne7 22. Bf3 Qe8 23. Nc3 h5 24. Kg2 Bg6 25. Rh1 Rf6 26. g4 Bf7 27. gxh5 Rh6 28. Rag1 Bxh5 29. Bxh5 Rxh5 30. Kf1 Rxh3 31. Qg4 Qh5 32. Qxg5 Qxg5 33. Rxg5 Bh6 34. Rgg1 Rxd3 35. Ng4 Ng8 36. Ne2 f3 37. Ke1 Rxa3 38. Ng3 Ra1# 0-1


[Site "https://www.chess.com"]